 Dungeon Crawl Stone Soup version 0.30-a0-800-g7c544603b3 (webtiles) character file.

Game seed: 12943076033250705447

119 cheesebisquit the Cudgeller (level 4, -20/40 HPs)
             Began as a Minotaur Gladiator on Feb 21, 2023.
             Killed by an exploding butterfly (29 damage)
             ... ignited by their inner flame
             ... on level 4 of the Dungeon.
             The game lasted 00:08:55 (2237 turns).

cheesebisquit the Cudgeller (Minotaur Gladiator)    Turns: 2237, Time: 00:08:55

Health: -20/40     AC:  7    Str: 21    XL:     4   Next: 73%
Magic:  3/3        EV:  6    Int:  5    God:
Gold:   158        SH: 14    Dex: 11    Spells: 3/3 levels left

rFire   . . .      SeeInvis .    a - +0 flail
rCold   . . .      Faith    .    s - +0 tower shield
rNeg    . . .      Spirit   .    q - +0 scale mail
rPois   .          Reflect  +    c - +0 hat
rElec   .          Harm     .    (no cloak)
rCorr   +          Rampage  .    (no gloves)
Will    .....                    z - +0 pair of boots Stlth
                                 n - amulet of reflection
HPRegen 0.26/turn                l - ring of resist corrosion
MPRegen 0.08/turn                (no ring)

@: weak-willed
A: horns 2, retaliatory headbutt
a: no special abilities


You were on level 4 of the Dungeon.
You visited 1 branch of the dungeon, and saw 4 of its levels.

You collected 158 gold pieces.

Inventory:

Hand Weapons
 a - a +0 flail (weapon)
Missiles
 d - a throwing net (quivered)
 e - a javelin
 u - 4 silver javelins
Armour
 b - a +0 leather armour
 c - a +0 hat (worn)
 q - a +0 scale mail (worn)
 s - a +0 tower shield (worn)
 z - a +0 pair of boots (worn)
Jewellery
 l - a ring of resist corrosion (left hand)
 n - an amulet of reflection (around neck)
Wands
 y - a wand of digging (5)
Scrolls
 p - 6 scrolls of identify {unknown}
 x - 2 scrolls of teleportation {unknown}
Potions
 h - a potion of flight {unknown}
 i - 2 potions of ambrosia {unknown}
 m - 4 potions of curing {unknown}
 t - a potion of heal wounds {unknown}
 w - 2 potions of might {unknown}


   Skills:
 + Level 3.6 Fighting
 * Level 5.4 Maces & Flails
 - Level 2.0 Throwing
 + Level 2.4 Armour
 - Level 3.2 Dodging


You had 3 spell levels left.
You didn't know any spells.
Your spell library was empty.

Dungeon Overview and Level Annotations

Branches:
Dungeon (4/15)
 Temple: D:4-7

Altars:
Trog

Annotations:
D:4 Robin


Innate Abilities, Weirdness & Mutations

You have a pair of horns on your head.
You reflexively headbutt those who attack you in melee.


Message History

The creatures around you are filled with an inner flame!
It was a scroll of immolation.
Flame seeps out of the adder.
Your butterfly is engulfed in poison gas.
Your butterfly is poisoned.
Your butterfly disappears in a burst of colours!
Your butterfly explodes!
The fiery explosion engulfs your butterfly!
Your butterfly disappears in a burst of colours!
The fiery explosion engulfs your butterfly!!
Your butterfly disappears in a burst of colours!
The fiery explosion engulfs your butterfly!!
Your butterfly disappears in a burst of colours!
The fiery explosion engulfs your butterfly!!
Your butterfly disappears in a burst of colours!
The fiery explosion engulfs the goblin!!
The fiery explosion engulfs your butterfly!
Your butterfly disappears in a burst of colours!
The fiery explosion engulfs your butterfly!
Your butterfly disappears in a burst of colours!
Your butterfly explodes!
The fiery explosion engulfs your butterfly!!
Your butterfly disappears in a burst of colours!
The fiery explosion engulfs your butterfly!!
Your butterfly disappears in a burst of colours!
Your butterfly explodes!
The fiery explosion engulfs your butterfly!!
Your butterfly disappears in a burst of colours!
The fiery explosion engulfs your butterfly!!
Your butterfly disappears in a burst of colours!
Your butterfly explodes! x4
The fiery explosion engulfs your butterfly!!
Your butterfly disappears in a burst of colours!
The fiery explosion engulfs you!
* * * LOW HITPOINT WARNING * * *
The fiery explosion engulfs your butterfly!!
Your butterfly disappears in a burst of colours!
Your butterfly explodes!
The fiery explosion engulfs you!!
Ouch! That really hurt!
You die...

.##. §§§ .§#.#
§§# §§.#
§§####
#b#####§§§..#
#§§gb§§§§..
#§§bb§§§.#
#☼§bb§§#§##g#☼


#g§bb§@§gSggrg ######§§#b###g##g#. #....<..#.# # #.#######.## #...# #...# #...#
#._.# #...# You could see Robin (inner flame, weak-willed), an adder (inner
flame, poisoned, weak-willed), a quokka (inner flame, weak-willed), a hobgoblin
(inner flame, strong, weak-willed) and 7 goblins.

Vanquished Creatures
  An orc priest (D:2)
  An orc wizard (D:3)
  An adder (D:2)
  A worm (D:2)
  A dart slug (D:1)
  3 orcs
  5 endoplasms
  A giant cockroach (D:1)
  5 goblins
  4 hobgoblins
  4 kobolds
  A quokka (D:1)
  7 ball pythons
  9 bats
  2 frilled lizards
  7 rats
53 creatures vanquished.

Notes
Turn   | Place    | Note
-------+----------+-------------------------------------------
     0 | D:1      | cheesebisquit the Minotaur Gladiator began the quest for
                  | the Orb.
     0 | D:1      | Reached XP level 1. HP: 18/18 MP: 0/0
   111 | D:1      | Reached skill level 4 in Maces & Flails
   112 | D:1      | Reached XP level 2. HP: 19/25 MP: 1/1
   190 | D:1      | Reached skill level 1 in Armour
   595 | D:1      | Found a faded altar of an unknown god.
  1340 | D:2      | Reached XP level 3. HP: 31/31 MP: 2/2
  1690 | D:2      | Reached skill level 5 in Maces & Flails
  1690 | D:2      | Reached XP level 4. HP: 20/38 MP: 3/3
  2206 | D:4      | Found a bloodstained altar of Trog.
  2224 | D:4      | Noticed Robin
  2237 | D:4      | Killed by an exploding butterfly... ignited by their inner
                  | flame

Illustrated notes

Levels and vault maps discovered:
D:1:      kennysheep_arrival_seaside, layout_loops_ring,
          dreamdust_ecumenical_altar_hidden_monk_grotto, corexii_hall_statues_i,
          minmay_misc_feat_doors, minmay_pentomino_o2
D:2:      layout_basic, palyth_stone_intersect, minmay_door_square
D:3:      layout_rooms
D:4:      layout_loops_ring, trog_book, minmay_temple_entry_butterflies,
          uniq_robin

Skill      XL: |  1  2  3 |
---------------+----------+-----
Maces & Flails | 4 5 |  5.4
Armour         | 1 2 |  2.4
Fighting       | 3 |  3.6
Throwing       | |  2.0
Dodging        | |  3.2

Action                     |  1- 3 |  4- 6 || total
---------------------------+-------+-------++-------
  Melee: Flail             |    83 |    38 ||   121
         Headbutt          |     7 |     5 ||    12
  Throw: Throwing net      |     2 |     2 ||     4
    Use: Scroll            |       |     7 ||     7
 Armour: Leather armour    |     8 |       ||     8
         Scale mail        |    17 |    27 ||    44
  Dodge: Dodged            |    33 |    15 ||    48
  Block: Tower shield      |    45 |    57 ||   102
         Other             |     1 |       ||     1
         Reflection        |       |     4 ||     4

Table legend: (Time is in decaauts)
 A = Elapsed time spent in this place.
 B = Non-inter-level travel time spent in this place.
 C = Inter-level travel time spent in this place.
 D = Time resting spent in this place.
 E = Time spent auto-exploring this place.
 F = Levels seen in this place.
 G = Mean time per level.
                   A        B        C        D        E       F      G
               +--------+--------+--------+--------+--------+-----+--------+
         Total |   2292 |   2233 |     59 |     68 |   1713 |   4 |  573.0 |
       Dungeon |   2292 |   2233 |     59 |     68 |   1713 |   4 |  573.0 |
               +--------+--------+--------+--------+--------+-----+--------+

Top non-repeatable levels by time:
     D:2: 1048 daAuts
     D:1: 737 daAuts
     D:3: 467 daAuts
     D:4: 38 daAuts
